 Dungeon Crawl Stone Soup version 0.29-a0-613-gf2c431b9b9 (webtiles) character file.

Game seed: 16741247191319735788

8913 ytrimaz the Insei (level 11, -3/75 HPs)
             Began as an Octopode Transmuter on June 17, 2022.
             Was a Follower of Ashenzari.
             Slain by a two-headed ogre
             ... wielding a +0 giant spiked club
              (31 damage)
             ... on level 10 of the Dungeon.
             The game lasted 00:21:45 (9407 turns).

ytrimaz the Insei (Octopode Transmuter)             Turns: 9407, Time: 00:21:46

Health: -3/75      AC:  2    Str: 11    XL:     11   Next: 38%
Magic:  22/23      EV: 24    Int: 25    God:    Ashenzari [*.....]
Gold:   1640       SH:  0    Dex: 17    Spells: 17/26 levels left

rFire   . . .      SeeInvis .     - Unarmed
rCold   . . .      Faith    .   (shield currently unavailable)
rNeg    . . .      Spirit   .   (helmet currently unavailable)
rPois   x          Reflect  .   a - amulet "Restrained With Me" {Regen+, Self, Evo} (curse)
rElec   .          Harm     .   l - ring "Oscillating Fan" {Int+6, Self, Elem} (curse)
rCorr   .          Rampage  .   o - ring of Panopticon {Fly, Alch, Melee} (curse)
Will    .....                   (no ring)
Stlth   +++.......              (no ring)
HPRegen 1.02/turn               (no ring)
MPRegen 0.18/turn               (no ring)
                                (no ring)
                                (no ring)

@: spider-form, flying
A: venomous fangs, almost no armour, (amphibious), 8 rings, tiny, (camouflage
1), (gelatinous body 1), (nimble swimmer 1), (tentacles)
a: End Transformation, Renounce Religion, Shatter the Chains


You were on level 10 of the Dungeon.
You worshipped Ashenzari.
Ashenzari was aware of your devotion.
You were a venomous arachnid creature.
You visited 2 branches of the dungeon, and saw 11 of its levels.
You also visited: Ossuary and Bailey.

You collected 1640 gold pieces.

Inventory:

Missiles
 g - a throwing net
Jewellery
 a - the cursed amulet "Restrained With Me" (around neck) {Regen+, Self, Evo}
   (You found it on level 1 of the Dungeon)

   [amulet of regeneration]

   Regen:     It increases your rate of health regeneration.
   It has a curse which improves the following skills: Introspection: Fighting
   and Spellcasting.
   Evocations: Evocations.
 l - the cursed ring "Oscillating Fan" (left front leg) {Int+6, Self, Elem}
   (You found it on level 3 of the Dungeon)

   [ring of intelligence]

   Int:       It affects your intelligence (+6).
   It has a curse which improves the following skills: Introspection: Fighting
   and Spellcasting.
   Elements:  Fire Magic, Ice Magic, Air Magic and Earth Magic.
 o - the cursed ring of Panopticon (right front leg) {Fly, Alch, Melee}
   (You found it on level 9 of the Dungeon)

   [ring of flight]

   Fly:       It grants you flight.
   It has a curse which improves the following skills: Alchemy: Poison Magic and
   Transmutations.
   Melee Combat: Short Blades, Long Blades, Axes, Maces & Flails, Polearms,
   Staves and Unarmed Combat.
 s - the macabre finger necklace {rN+}
   (You found it on level 7 of the Dungeon)

   [amulet of nothing]

   It enables you to equip an extra ring.
   rN:        It protects you from negative energy.
Wands
 c - a wand of flame (35)
 j - a wand of charming (3)
 A - a wand of iceblast (9)
Scrolls
 h - a scroll of acquirement
 i - 2 scrolls of enchant weapon
 n - 4 scrolls of poison
 r - 3 scrolls of fear
 u - 3 scrolls of fog
 v - 2 scrolls of enchant armour
 x - a scroll of magic mapping
 y - 2 scrolls of blinking
 C - a scroll of amnesia
 D - 2 scrolls of teleportation
 E - a scroll of summoning
Potions
 b - a potion of haste
 d - 3 potions of attraction
 e - 4 potions of magic
 f - 3 potions of cancellation
 k - 2 potions of ambrosia
 m - 2 potions of brilliance
 p - 5 potions of mutation
 q - 2 potions of heal wounds
 t - 2 potions of flight
 w - a potion of invisibility
 z - 4 potions of resistance
 B - 3 potions of curing
 F - a potion of might


   Skills:
 - Level 5.6(7.0) Fighting
 - Level 0.1 Bows
 - Level 7.0 Dodging
 + Level 5.7 Stealth
 - Level 0.3 Shields
 - Level 7.0(7.8) Unarmed Combat
 - Level 7.0(8.3) Spellcasting
 - Level 0.1 Conjurations
 - Level 2.6 Hexes
 - Level 0.1 Necromancy
 - Level 7.0(7.8) Transmutations
 - Level 7.0(7.8) Ice Magic
 - Level 4.0(4.7) Poison Magic
 - Level 0.6(1.1) Evocations


You had 17 spell levels left.
You knew the following spells:

 Your Spells              Type           Power      Damage    Failure   Level
a - Ice Form              Ice/Tmut       49%        N/A       9%          4
b - Wereblood             Tmut           49%        N/A       3%          2
c - Spider Form           Tmut/Pois      42%        N/A       6%          3

Your spell library contained the following spells:

 Spells                   Type           Power      Damage    Failure   Level
 Beastly Appendage        Tmut           98%        N/A       2%          1
 Freeze                   Ice            100%       1d11      2%          1
 Ensorcelled Hibernation  Hex/Ice        72%        N/A       5%          2
 Slow                     Hex            92%        N/A       8%          1
 Confusing Touch          Hex            23%        N/A       17%         3
 Blink                    Tloc           20%        N/A       22%         2
 Sublimation of Blood     Necr           11%        N/A       22%         2
 Petrify                  Tmut/Erth      30%        N/A       26%         4
 Summon Ice Beast         Ice/Summ       30%        N/A       28%         4
 Gell's Gravitas          Tloc           10%        N/A       36%         3
 Lesser Beckoning         Tloc           10%        N/A       36%         3
 Teleport Other           Tloc           10%        N/A       36%         3
 Vampiric Draining        Necr           11%        2d6       36%         3
 Metabolic Englaciation   Hex/Ice        18%        N/A       38%         5
 Irradiate                Conj/Tmut      15%        3d18      52%         5
 Anguish                  Hex/Necr       8%         N/A       54%         4
 Fulminant Prism          Conj/Hex       8%         3d7       54%         4
 Animate Dead             Necr           11%        N/A       71%         4
 Iskenderun's Mystic Bla  Conj/Tloc      10%        2d4       71%         4
 Summon Mana Viper        Hex/Summ       17%        N/A       85%         5
 Borgnjor's Vile Clutch   Necr/Erth      5%         N/A       94%         5
 Lee's Rapid Deconstruct  Erth           5%         3d7*      94%         5
 Manifold Assault         Tloc           10%        N/A       95%         5
 Death Channel            Necr           5%         N/A       100%        6
 Monstrous Menagerie      Summ           5%         N/A       100%        7
 Animate Armour           Summ/Erth      Unusable   N/A       N/A         4

Dungeon Overview and Level Annotations

Branches:
Dungeon (10/15)            Temple (1/1) D:7             Orc (0/2) D:9
Ossuary (visited)          Bailey (visited)
   Lair: D:8-11

Altars:
Ashenzari
Fedhas
Gozag
Trog
Vehumet
Wu Jian
Zin
The Shining One
Beogh

Shops:
D:1 (

Annotations:
D:5 1 runed translucent door, Crazy Yiuf
D:6 Maggie
D:9 3 runed translucent doors, exclusion: 3 doors, DocClef's ghost, novice DrFi


Innate Abilities, Weirdness & Mutations

You are a venomous arachnid creature.
You have poisonous fangs.
You are tiny and dextrous.
Your spellcasting is less reliable in this form.
Your armour is entirely melded.
You are incapable of wielding weapons or throwing items.
You cannot wear most types of armour.
((You are amphibious.))
You can wear up to eight rings at the same time.
((Your skin changes colour to match your surroundings (Stealth+).))
((Your rubbery body absorbs attacks. (AC +1, EV +1)))
((You are camouflaged when in or above water. (Stealth+)))
((You have tentacles for arms and can constrict up to eight enemies at once.))


Message History

You punch the yak! You freeze the yak.
You kill the yak!
Okay, then.
You start resting.
Magic restored.
You start resting.
Your transformation is almost over.
You warm up again.
HP restored.
Okay, then.
Your ring of flight glows black for a moment.
You see here a yak corpse.
Found an opulent altar of Gozag.
You reach down and open the door.
There is an open door here.
A two-headed ogre comes into view.
It is wielding a +0 giant spiked club and a +0 giant club.
A two-headed ogre is nearby!
Casting: Wereblood (safe; 1% risk of failure)
Confirm with . or Enter, or press ? or * to list all spells.
You turn into a venomous arachnid creature.
Found an escape hatch in the floor.
Found a piece from Xom's chessboard (15/15).
The two-headed ogre hits you with a +0 giant spiked club!!
The two-headed ogre barely misses you.
You hit the two-headed ogre but do no damage.
The two-headed ogre is poisoned.
The two-headed ogre completely misses you. x2
You hit the two-headed ogre but do no damage.
The two-headed ogre is lightly wounded.
You hit the two-headed ogre.
The two-headed ogre is lightly wounded.
The two-headed ogre completely misses you.
The two-headed ogre hits you with a +0 giant club!!
You hit the two-headed ogre but do no damage.
The two-headed ogre looks as sick as possible!
The two-headed ogre is lightly wounded.
The two-headed ogre attacks as you move away!
The two-headed ogre completely misses you.
The two-headed ogre hits you with a +0 giant club!!
You die...

### ##### #..
..###########...# #..
................# #..
................#♣♣♣♣ #..
................#♣..♣## #..
................#♣....# #..
.................♣._..####..
..........Os.....♣..........
.................♣..♣.......
.....>.####......♣♣♣♣.......
.......#..#.................
....}.#..#......#+##'##....
.... #..#......#.....#...#
#..#......#....##...#
#+######..#......#....#....#
#.........#......#....#....#


You could see a two-headed ogre (very poisoned).

Vanquished Creatures
  A two-headed ogre (D:10)
  Pikel (D:9)
  Joseph (D:9)
  A troll (D:9)
  Grinder (D:4)
  Prince Ribbit (D:5)
  A wyvern (D:8)
  15 yaks
  Menkaure (D:5)
  Duvessa (D:7)
  A water moccasin (D:5)
  3 sky beasts (D:7)
  10 orc warriors
  2 ice beasts
  2 centaurs
  2 lemures (D:9)
  A kobold brigand (D:9)
  2 bullfrogs (D:8)
  2 scorpions
  2 necrophages
  Dowan (D:7)
  15 wights
  8 killer bees (D:9)
  2 howler monkeys (D:5)
  2 hounds (D:5)
  8 orc priests
  A gnoll shaman (D:7)
  2 jellies
  An iguana (D:5)
  Terence (D:2)
  5 orc wizards
  Ijyb (D:3)
  4 mummies (Ossuary)
  20 gnolls
  6 adders
  2 shadow imps (D:7)
  A white imp (D:8)
  4 worms
  A dart slug (D:5)
  35 orcs
  6 bats
  7 endoplasms
  3 giant cockroaches
  2 gnoll zombies (Ossuary)
  10 goblins
  11 hobgoblins
  8 jackals
  13 kobolds
  2 quokkas
  10 ball pythons
  4 frilled lizards
  8 gnoll skeletons (Ossuary)
  A goblin skeleton (Ossuary)
  2 goblin zombies (Ossuary)
  2 hobgoblin skeletons (Ossuary)
  5 hobgoblin zombies (Ossuary)
  6 kobold skeletons (Ossuary)
  8 kobold zombies (Ossuary)
  6 orc skeletons (Ossuary)
  4 orc zombies (Ossuary)
  9 rats
  2 rat skeletons (Ossuary)
  4 rat zombies (Ossuary)
304 creatures vanquished.

Vanquished Creatures (others)
  4 plants (D:9)
4 creatures vanquished.

Grand Total: 308 creatures vanquished

Notes
Turn   | Place    | Note
-------+----------+-------------------------------------------
     0 | D:1      | ytrimaz the Octopode Transmuter began the quest for the
                  | Orb.
     0 | D:1      | Reached XP level 1. HP: 13/13 MP: 3/3
   513 | D:1      | Reached XP level 2. HP: 18/18 MP: 3/5
   664 | D:1      | Reached XP level 3. HP: 23/23 MP: 6/6
  1006 | D:1      | Found Vuarch's Weapon Shop.
  1352 | D:2      | Found a blossoming altar of Fedhas.
  1471 | D:2      | Identified a scroll of acquirement
  1482 | D:2      | Learned a level 2 spell: Wereblood
  1488 | D:2      | Reached XP level 4. HP: 25/28 MP: 4/7
  1594 | D:2      | Noticed Terence
  1600 | D:2      | Learned a level 3 spell: Spider Form
  1611 | D:2      | Killed Terence
  1612 | D:2      | Reached skill level 5 in Unarmed Combat
  2006 | D:3      | Noticed Ijyb
  2018 | D:3      | Killed Ijyb
  2019 | D:3      | Reached XP level 5. HP: 19/33 MP: 6/8
  2527 | D:3      | Found a faded altar of an unknown god.
  2568 | D:4      | Reached XP level 6. HP: 27/38 MP: 5/9
  2633 | D:4      | Noticed Grinder
  2643 | D:4      | Killed Grinder
  2648 | D:4      | Reached XP level 7. HP: 39/43 MP: 5/10
  2745 | D:4      | Reached skill level 1 in Poison Magic
  3081 | D:5      | Entered Level 5 of the Dungeon
  3117 | D:5      | Noticed Menkaure
  3124 | D:5      | Learned a level 4 spell: Ice Form
  3130 | D:5      | Killed Menkaure
  3167 | D:5      | Noticed Prince Ribbit
  3179 | D:5      | Killed Prince Ribbit
  3326 | D:5      | Reached XP level 8. HP: 48/48 MP: 10/13
  3391 | D:5      | HP: 3/72 [orc/+0 mace (1)]
  3440 | D:5      | Reached skill level 5 in Spellcasting
  3600 | D:5      | Found a runed translucent door.
  3601 | D:5      | Noticed Crazy Yiuf
  4600 | D:6      | Noticed Maggie
  4779 | D:7      | Found a staircase to the Ecumenical Temple.
  4786 | D:7      | Found the macabre finger necklace {rN+}
  4801 | Temple   | Entered the Ecumenical Temple
  4846 | Temple   | Became a worshipper of Ashenzari the Shackled
  4948 | D:7      | Noticed Duvessa
  4948 | D:7      | Noticed Dowan
  4968 | D:7      | Killed Duvessa
  4969 | D:7      | Reached XP level 9. HP: 33/53 MP: 14/19
  4984 | D:7      | Killed Dowan
  4996 | D:7      | Found a flagged portal.
  5023 | Bailey   | Entered a bailey
  5176 | Bailey   | Reached skill level 5 in Ice Magic
  5516 | Bailey   | Noticed an orc knight
  6307 | D:7      | Identified the +5 spear of Quguubrep {spect, rC+ Dex+4}
  6488 | D:8      | Found a sand-covered staircase.
  6494 | Ossuary  | Entered an ossuary
  6768 | Ossuary  | Reached XP level 10. HP: 60/60 MP: 18/21
  6844 | D:8      | Reached skill level 5 in Dodging
  6884 | D:8      | Got the Incunabulum of the Mountains and Cold
  6966 | D:8      | Acquired 423 gold pieces
  6970 | D:8      | Acquired 739 gold pieces
  7287 | D:8      | Noticed a manticore
  7288 | D:8      | Noticed an eight-headed hydra
  7977 | D:8      | Reached * piety under Ashenzari
  8089 | D:9      | Reached skill level 5 in Fighting
  8187 | D:9      | Found a runed translucent gate.
  8191 | D:9      | Found a runed translucent gate.
  8193 | D:9      | Found a runed translucent gate.
  8229 | D:9      | Noticed an 11-headed hydra
  8229 | D:9      | Noticed DocClef's ghost (novice DrFi)
  8308 | D:9      | Reached skill level 5 in Transmutations
  8308 | D:9      | Reached XP level 11. HP: 75/75 MP: 19/23
  8424 | D:9      | Found a staircase to the Orcish Mines.
  8739 | D:9      | Noticed Pikel
  8740 | D:9      | Noticed Joseph
  8766 | D:9      | Killed Pikel
  8783 | D:9      | Killed Joseph
  8968 | D:10     | Entered Level 10 of the Dungeon
  8968 | D:10     | Noticed a two-headed ogre
  9071 | D:10     | Killed a two-headed ogre
  9288 | D:10     | Reached skill level 5 in Stealth
  9365 | D:10     | Found an opulent altar of Gozag.
  9389 | D:10     | Noticed a two-headed ogre
  9407 | D:10     | Slain by a two-headed ogre

Illustrated notes

Levels and vault maps discovered:
D:1:      psy_arrival_radial02, layout_basic, serial_forest,
          infiniplex_forest_lined_room_, infiniplex_forest_zigzag_1,
          infiniplex_forest_lined_2, infiniplex_forest_zigzag_1,
          infiniplex_forest_straight_3, infiniplex_forest_straight_3,
          infiniplex_forest_end_2, infiniplex_forest_straight_5,
          infiniplex_forest_pool, serial_shops, nicolae_diamond_shop
D:2:      layout_rooms, basic_altar, uniq_terence
D:3:      layout_basic, ebering_ecumenical_altar_webs, uniq_ijyb
D:4:      layout_cave_pools, uniq_grinder
D:5:      layout_loops_corners, minmay_diced_spiral, uniq_prince_ribbit1,
          uniq_crazy_yiuf_cottage, uniq_menkaure
D:6:      layout_gridville, uniq_maggie
D:7:      layout_basic, minmay_temple_entry_offerings, enter_bailey_2,
          uniq_duvessa
D:8:      layout_basic, lightli_ossuary_entry_decrepit_ruins,
          corexii_checkpoint_a, lightli_corner_chamber
D:9:      layout_roguey, minmay_orc_entry_temple_small,
          gammafunk_ghost_hydra_chop, eino_jars, uniq_joseph, uniq_pikel
D:10:     layout_irregular_city, mainiacjoe_overflow_alcove_1, uniq_josephine
Temple:   mainiacjoe_temple_hex_bubbles

Skill      XL: |  1  2  3  4  5  6  7  8  9 10 11 |
---------------+----------------------------------+-----
Unarmed Combat | 4 5 6 7 |  7.0
Hexes          | 2 |  2.6
Poison Magic   | 4 |  4.0
Spellcasting   | 3 7 |  7.0
Ice Magic      | 2 7 |  7.0
Dodging        | 4 7 |  7.0
Fighting       | 5 |  5.6
Transmutations | 5 7 |  7.0
Stealth        | 5 |  5.7
Bows           | |  0.1
Shields        | |  0.3
Conjurations   | |  0.1
Necromancy     | |  0.1
Evocations     | |  0.6

Action                   |  1- 3 |  4- 6 |  7- 9 | 10-12 || total
-------------------------+-------+-------+-------+-------++-------
Melee: Unarmed           |    72 |    84 |   363 |   245 ||   764
       Constrict         |    24 |    15 |     9 |     1 ||    49
       Tentacles         |    11 |    16 |    11 |       ||    38
       Kick              |    20 |    14 |    10 |       ||    44
       Punch             |     1 |       |     2 |       ||     3
 Cast: Beastly Appendage |    20 |     8 |    12 |       ||    40
       Wereblood         |     1 |     2 |    14 |     9 ||    26
       Spider Form       |       |     4 |    15 |     2 ||    21
       Ice Form          |       |       |    19 |    20 ||    39
Invok: Curse Item        |       |       |     1 |     2 ||     3
  Use: Potion            |     1 |       |     7 |     3 ||    11
       Scroll            |     5 |     5 |     5 |     4 ||    19
 Stab: Sleeping          |     1 |     1 |     4 |       ||     6
       Distracted        |       |       |     1 |       ||     1
Armor: Skin              |    12 |     2 |    44 |    66 ||   124
Dodge: Dodged            |    62 |    46 |   184 |   134 ||   426

Table legend: (Time is in decaauts)
 A = Elapsed time spent in this place.
 B = Non-inter-level travel time spent in this place.
 C = Inter-level travel time spent in this place.
 D = Time resting spent in this place.
 E = Time spent auto-exploring this place.
 F = Levels seen in this place.
 G = Mean time per level.
                   A        B        C        D        E       F      G
               +--------+--------+--------+--------+--------+-----+--------+
         Total |   9257 |   9045 |    212 |   1104 |   5469 |  13 |  712.1 |
       Dungeon |   8362 |   8150 |    212 |    781 |   5469 |  10 |  836.2 |
        Temple |     74 |     74 |      0 |      0 |      0 |   1 |   74.0 |
       Ossuary |    324 |    324 |      0 |      0 |      0 |   1 |  324.0 |
        Bailey |    495 |    495 |      0 |    323 |      0 |   1 |  495.0 |
               +--------+--------+--------+--------+--------+-----+--------+

Top non-repeatable levels by time:
     D:5: 1336 daAuts
     D:1: 1253 daAuts
     D:8: 1180 daAuts
     D:7: 1117 daAuts
     D:9: 909 daAuts
     D:2: 700 daAuts
     D:3: 587 daAuts
     D:4: 521 daAuts
  Bailey: 495 daAuts
    D:10: 425 daAuts
     D:6: 330 daAuts
 Ossuary: 324 daAuts
  Temple: 74 daAuts
